 Dungeon Sprint DCSS version 0.28-a0-1638-g9123634e07 (webtiles) character file.

Game seed: 3437155242196056006

2 willcat the Skirmisher (level 1, -1/18 HPs)
             Began as a Mummy Monk on Jan 25, 2022.
             Was an Initiate of Gozag.
             Slain by an adder (4 damage)
             ... in the Dungeon (Sprint V: "Ziggurat Sprint").
             The game lasted 00:01:06 (111 turns).

willcat the Skirmisher (Mummy Monk)                  Turns: 111, Time: 00:01:07

Health: -1/18      AC: 20    Str: 20    XL:     1   Next: 25%
Magic:  1/1        EV: -4    Int: 15    God:    Gozag
Gold:   0          SH: 25    Dex: 14    Spells: 0/0 levels left

rFire   + . .      SeeInvis .   r - +8 lance "Wyrmbane" {slay drac, rPois rF+ rC+ AC+3}
rCold   + + +      Faith    .   a - +18 shield of the Gong {rElec rN+ Will+ EV-5}
rNeg    + + +      Spirit   .   q - +5 gold dragon scales
rPois   ∞          Reflect  .   (no helmet)
rElec   +          Harm     .   (no cloak)
rCorr   .          Rampage  .   (no gloves)
Will    +....      NoTele   +   (no boots)
Stlth   ..........              (no amulet)
HPRegen 0.06/turn               o - +6 ring of strength
MPRegen 0.07/turn               n - +6 ring of intelligence

@: gold aura
A: cold resistance 1, negative energy resistance 3, torment resistance 2, heat
vulnerability 1, no potions
a: Renounce Religion, Potion Petition, Call Merchant, Bribe Branch


You were in the Dungeon.
You worshipped Gozag.
Gozag was noncommittal.
You visited 1 branch

Inventory:

Hand Weapons
 r - the +8 lance "Wyrmbane" (weapon) {slay drac, rPois rF+ rC+ AC+3}
   (You found it in the Dungeon)

   It inflicts extra damage against dragons and draconians.
   AC:        It affects your AC (+3).
   rF:        It protects you from fire.
   rC:        It protects you from cold.
   rPois:     It protects you from poison.
Armour
 a - the +18 shield of the Gong (worn) {rElec rN+ Will+ EV-5}
   (You found it in the Dungeon)

   It is deafeningly noisy when blocking attacks.
   EV:        It affects your evasion (-5).
   rElec:     It insulates you from electricity.
   rN:        It protects you from negative energy.
   Will:      It increases your willpower.
 q - +5 gold dragon scales (worn)
Jewellery
 j - a ring of flight
 k - a +6 ring of dexterity
 l - a +6 ring of dexterity
 m - a +6 ring of intelligence
 n - a +6 ring of intelligence (right hand)
 o - a +6 ring of strength (left hand)
 p - a +6 ring of strength
Wands
 g - a wand of mindburst (7)
 h - a wand of iceblast (7)
 i - a wand of acid (6)
Scrolls
 b - 3 scrolls of blinking
 c - 4 scrolls of amnesia
 d - 7 scrolls of fog
 e - 5 scrolls of identify
 f - 2 scrolls of fear
Miscellaneous
 s - a lightning rod (4/4)


   Skills:
 + Level 3.1 Fighting
 + Level 2.7 Dodging
 + Level 1.5 Stealth
 + Level 1.1 Shields
 + Level 2.4 Unarmed Combat


You couldn't memorise any spells.
You didn't know any spells.
Your spell library was empty.

Dungeon Overview and Level Annotations

Branches:
Dungeon (1/1)

Altars:
Ashenzari
Cheibriados
Dithmenos
Elyvilon
Fedhas
Gozag
Hepliaklqana
Kikubaaqudgha
Makhleb
Nemelex Xobeh
Okawaru
Qazlal
Ru
Sif Muna
Trog
Uskayaw
Vehumet
Wu Jian
Xom
Yredelemnul
Zin
The Shining One
Beogh
Jiyva
Lugonu

Annotations:
D 1 transporter


Innate Abilities, Weirdness & Mutations

You are immune to poison.
Your flesh is cold resistant. (rC+)
You are immune to negative energy. (rN+++)
You are immune to unholy pain and torment.
You are vulnerable to heat. (rF-)
You do not drink.


Message History

You block the +0 vorpal glaive's attack.
PANG!
Welcome to arena 2.
You enter the transporter and appear at another place.
An adder and 2 ball pythons come into view.
Found a +6 ring of strength, a book of Winter and a book of the Earth.
Found a transporter.
You are too injured to fight recklessly!
You are too injured to fight recklessly!
You closely miss the adder. You block the adder's attack.
GONNNNG!
You block the ball python's attack.
GONNNNG!
You block the ball python's attack.
PTOANNNG!
You block the adder's attack.
BONNNG!
You puncture the ball python!
You kill the ball python!
You block the ball python's attack.
BOUMMMMG!
The ball python grabs you. The ball python constricts you.
The adder bites you but does no damage. You block the ball python's attack.
GONNNNG!
The ball python constricts you.
Your Shields skill increases to level 1!
You barely miss the ball python. You block the adder's attack.
PANG!
You block the ball python's attack.
GONNNNG!
The ball python constricts you. You block the adder's attack.
GONNNNG!
You puncture the ball python!
You kill the ball python!
You block the adder's attack.
SHROANNG!
The adder bites you but does no damage.
You completely miss the adder. The adder bites you.
You die...
Your body crumbles into a pile of gold.

▓▓▓▓▓▓▓▓▓▓▓▓▓
▓.8©8.▓.8©8.▓
▓.:=:.▓.....▓
▓.....▓.((:.▓
▓.....▓.....▓
▓.S$..▓.....▓
▓.@$..▓..§..▓
▓..©..▓▓▓▓▓▓▓
▓▓▓▓▓▓▓


You could see an adder.

Vanquished Creatures
  2 ball pythons (D)
2 creatures vanquished.

Notes
Turn   | Place    | Note
-------+----------+-------------------------------------------
     0 | D        | willcat the Mummy Monk began the quest for the Orb.
     0 | D        | Reached XP level 1. HP: 18/18 MP: 1/1
     0 | D        | Found a shimmering blue altar of Sif Muna.
     0 | D        | Found a sacrificial altar of Ru.
     0 | D        | Found a bloodstained altar of Trog.
     0 | D        | Found a stormy altar of Qazlal.
     0 | D        | Found an iron altar of Okawaru.
     0 | D        | Found a sparkling altar of Nemelex Xobeh.
     0 | D        | Found a blossoming altar of Fedhas.
     0 | D        | Found the +6 Majin-Bo {vamp, MP+6 Int+6}
     0 | D        | Found the +9 heavy crossbow "Sniper" {vorpal, Acc+∞ SInv}
     0 | D        | Found the +10 dark maul {vorpal}
     0 | D        | Found the +15 Maxwell's patent armour {-Cast -Tele rElec
                  | Will+ rCorr}
     0 | D        | Found the +18 shield of the Gong {rElec rN+ Will+ EV-5}
     0 | D        | Found the +14 obsidian axe {vorpal, Mesm Drain Fly SInv}
     0 | D        | Found the +7 great mace "Firestarter" {inner flame, rF++}
     0 | D        | Found the +6 shillelagh "Devastator" {shatter}
     0 | D        | Found the +11 plutonium sword {Contam Stlth-}
     0 | D        | Found the +8 lance "Wyrmbane" {slay drac, rPois rF+ rC+
                  | AC+3}
     0 | D        | Found the +9 sword of Zonguldrok {reap}
     0 | D        | Found the +13 scythe of Curses {drain, Drain}
     0 | D        | Found the +5 sword of Power {vorpal}
     0 | D        | Found the +7 mace of Variability {chain chaos}
     0 | D        | Found the +7 Singing Sword {vorpal, sonic wave}
     0 | D        | Found the +8 storm bow {elec, penet}
     1 | D        | Found a transporter.
     1 | D        | Found an ancient bone altar of Kikubaaqudgha.
     1 | D        | Found a viscous altar of Jiyva.
     1 | D        | Found a corrupted altar of Lugonu.
     1 | D        | Found a hazy altar of Hepliaklqana.
     1 | D        | Found a burning altar of Makhleb.
     1 | D        | Found an opulent altar of Gozag.
    12 | D        | Banished a spatial maelstrom
    72 | D        | Became a worshipper of Gozag Ym Sagoz the Greedy
   102 | D        | Entered arena 2.
   102 | D        | Noticed a +0 vorpal glaive
   102 | D        | Noticed a +1 halberd of freezing
   102 | D        | Found a transporter.
   105 | D        | Entered arena 3.
   105 | D        | Found a transporter.
   109 | D        | Reached skill level 1 in Shields
   111 | D        | Slain by an adder

Illustrated notes

Levels and vault maps discovered:
D:        sprint_v [room_start, room_1, room_2, room_3, room_4, room_5, room_6,
          room_7, room_8, room_9, room_10, room_11, room_12, room_13, room_14,
          room_15, room_16, room_17, room_18, room_19, room_20, room_21,
          room_22, room_23, room_24, room_25, room_26, room_27]

Skill      XL: |  1 |
---------------+----+-----
Shields        | 1 |  1.1
Fighting       | |  3.1
Dodging        | |  2.7
Stealth        | |  1.5
Unarmed Combat | |  2.4

Action                   || total
-------------------------++-------
Melee: Lance             ||     5
Evoke: Wand              ||     1
  Use: Scroll            ||     1
Armor: Gold dragon scale ||     3
Block: Kite shield       ||    12

Table legend: (Time is in decaauts)
 A = Elapsed time spent in this place.
 B = Non-inter-level travel time spent in this place.
 C = Inter-level travel time spent in this place.
 D = Time resting spent in this place.
 E = Time spent auto-exploring this place.
 F = Levels seen in this place.
 G = Mean time per level.
                   A        B        C        D        E       F      G
               +--------+--------+--------+--------+--------+-----+--------+
         Total |    110 |    110 |      0 |      0 |      0 |   1 |  110.0 |
       Dungeon |    110 |    110 |      0 |      0 |      0 |   1 |  110.0 |
               +--------+--------+--------+--------+--------+-----+--------+

Top non-repeatable levels by time:
       D: 110 daAuts
